 Dungeon Crawl Stone Soup version 0.19.0 (webtiles) character file.

6477 TheGoonsmith the Cleaver (level 10, 0/85 HPs)
             Began as a Demonspawn Gladiator on Nov 13, 2016.
             Was an Elder of Makhleb.
             Slain by an orc warrior
             ... wielding a +0 halberd
              (5 damage)
             ... on level 10 of the Dungeon.
             The game lasted 00:15:34 (9989 turns).

TheGoonsmith the Cleaver (Demonspawn Gladiator)     Turns: 9989, Time: 00:15:35

Health: 0/85       AC: 15    Str: 19    XL:     10   Next: 68%
Magic:  0/10       EV: 12    Int:  9    God:    Makhleb [****..]
Gold:   467        SH:  0    Dex: 14    Spells: 0 memorised, 9 levels left

rFire  + . .     SeeInvis .     u - +2 battleaxe
rCold  . . .     Gourm    .     v - +1 chain mail {rF+}
rNeg   . . .     Faith    .     (shield currently unavailable)
rPois  +         Spirit   +     (helmet restricted)
rElec  .         Reflect  .     T - +0 cloak
rCorr  .         Harm     .     (no gloves)
MR     .....                    w - +2 pair of boots
Stlth  ..........               g - amulet of guardian spirit
                                M - ring of poison resistance
                                N - +4 ring of evasion

@: lethally poisoned (0 -> 0)
A: horns 2, rugged brown scales 1, nightstalker 1, powered by pain 1
a: Minor Destruction, Lesser Servant of Makhleb, Major Destruction, Renounce
Religion


You were on level 10 of the Dungeon.
You worshipped Makhleb.
Makhleb was greatly pleased with you.
You were hungry.

You visited 2 branches of the dungeon, and saw 11 of its levels.
You also visited: Sewer.

You collected 667 gold pieces.
You spent 200 gold pieces at shops.

Inventory:

Hand Weapons
 a - a +0 war axe
 u - a +2 battleaxe (weapon)
 B - a +3 blowgun
Missiles
 d - 4 throwing nets (quivered)
 C - 33 poisoned needles
Armour
 b - a +0 leather armour
 q - a +0 chain mail
 v - a +1 chain mail of fire resistance (worn)
 w - a +2 pair of boots (worn)
 T - a +0 cloak (worn)
Jewellery
 g - an amulet of guardian spirit (around neck)
 l - an uncursed ring of flight
 M - a ring of poison resistance (right hand)
 N - a +4 ring of evasion (left hand)
Wands
 D - a wand of random effects (23/48)
 O - a wand of flame (30/48)
 P - a wand of lightning (5/15)
 Q - a wand of random effects (31/48)
Scrolls
 e - 2 scrolls of amnesia
 i - 2 scrolls of recharging
 n - 6 scrolls of remove curse
 r - 2 scrolls of identify
 y - a scroll of teleportation
 F - a scroll of blinking
Potions
 h - 3 potions of curing
 j - a potion of resistance
 k - a potion of cure mutation {unknown}
 m - a potion of mutation {unknown}
 p - a potion of invisibility {unknown}
 s - a potion of agility {unknown}
 x - 3 potions of brilliance
 z - 2 potions of heal wounds
 A - a potion of haste {unknown}
 E - a potion of flight {unknown}
 G - a potion of ambrosia
 I - 3 potions of lignification
 K - a potion of magic {unknown}
 L - a potion of degeneration {unknown}
Books
 R - a book of Minor Magic

   Spells                             Type                      Level
   a - Magic Dart                     Conjuration                  1
   b - Blink                          Translocation                2
   c - Call Imp                       Summoning                    2
   d - Repel Missiles                 Charms/Air                   2
   e - Slow                           Hexes                        2
   f - Conjure Flame                  Conjuration/Fire             3
   g - Mephitic Cloud                 Conjuration/Poison/Air       3
Miscellaneous
 U - a phial of floods
Comestibles
 c - a royal jelly
 f - 8 bread rations
 o - a beef jerky
 t - 2 slices of pizza
 H - 6 meat rations
 J - 4 fruits
 S - 21 chunks of flesh


   Skills:
 - Level 9.0 Fighting
 * Level 12.3 Axes
 - Level 1.7 Throwing
 + Level 2.6 Armour
 - Level 2.6 Dodging


You had 9 spell levels left.
You didn't know any spells.

Dungeon Overview and Level Annotations

Branches:
Dungeon (10/15)            Temple (1/1) D:5             Orc (0/2) D:10
   Lair: D:8-11

Altars:
Ashenzari
Cheibriados
Dithmenos
Elyvilon
Fedhas
Gozag
Hepliaklqana
Kikubaaqudgha
Makhleb
Nemelex Xobeh
Okawaru
Qazlal
Ru
Sif Muna
Trog
Uskayaw
Vehumet
Xom
Yredelemnul
Zin
The Shining One

Shops:
D:6 =

Annotations:
D:7 1 runed door, TheGoonsmith's ghost, novice MfGl


Innate Abilities, Weirdness & Mutations

You have a pair of horns on your head.
You are partially covered in rugged brown scales. (AC +1, +3% HP)
You are slightly more attuned to the shadows.
You sometimes gain a little power by taking damage.


Message History

You hit the killer bee.
You kill the killer bee!
Makhleb accepts your kill.
You feel better.
You feel sick.
The orc warrior hits you from afar with a halberd!
* * * LOW HITPOINT WARNING * * *
You closely miss the orc. You headbutt the orc!
You kill the orc!
Makhleb accepts your kill.
You feel better.
You feel sick.
The orc warrior hits you with a halberd!
* * * LOW HITPOINT WARNING * * *
Things that are here:
a hand axe; a scroll of teleportation; a killer bee corpse You hit the orc warrior but do no damage.
Your headbutt misses the orc warrior.
You are feeling hungry.
The orc warrior hits you with a halberd.
You die...

#)))......#
#..)......# ..
#.........# #.#
######.#### #..#
##....##### ..#
...........# ##'#####
...........####).....#
...........##.o).....#
...........##@#).....#
...........##.#......#
...........#..#..o...#
..........'.##..(...#
.........####.....##
........# .o.o....
>......# ........
######.. #..


You could see an orc warrior.

Vanquished Creatures
  A hill giant (D:10)
  Maurice (D:8)
  Psyche (D:8)
  A hippogriff (D:10)
  Sigmund (D:5)
  A wyvern (D:9)
  2 wargs (D:10)
  6 orc warriors
  An ice beast (D:4)
  A necrophage (D:9)
  A sky beast (D:9)
  5 ogres
  3 centaurs
  A big kobold (D:8)
  A gnoll sergeant (D:8)
  Blork the orc (D:5)
  4 bullfrogs
  4 scorpions
  11 killer bees
  3 howler monkeys
  A lava snake (D:9)
  3 crimson imps
  A quasit (D:9)
  A bullfrog zombie (D:5)
  2 centaur zombies
  2 hounds
  8 orc priests
  2 centaur skeletons (D:4)
  2 jellies
  14 orc wizards
  9 worker ants
  2 hound skeletons
  A howler monkey zombie (D:8)
  17 gnolls
  A howler monkey skeleton (D:9)
  11 adders
  2 oozes
  2 adder skeletons
  3 worms
  A dart slug (D:4)
  9 leopard geckos
  66 orcs
  3 ball pythons
  A bat zombie (D:1)
  12 giant cockroaches
  5 goblins
  16 hobgoblins
  18 jackals
  4 quokkas
  A ball python skeleton (D:4)
  5 bats
  9 frilled lizards
  A giant cockroach zombie (D:1)
  2 jackal skeletons
  18 kobolds
  A leopard gecko skeleton (D:4)
  3 rats
309 creatures vanquished.

Notes
Turn   | Place    | Note
-------+----------+-------------------------------------------
     0 | D:1      | TheGoonsmith the Demonspawn Gladiator began the quest for the Orb.
     0 | D:1      | Reached XP level 1. HP: 16/16 MP: 1/1
   187 | D:1      | Gained mutation: You sometimes gain a little power by taking damage. [demonic ancestry]
   187 | D:1      | Reached XP level 2. HP: 22/23 MP: 2/2
   192 | D:1      | Reached skill level 3 in Axes
   626 | D:1      | Gained mutation: You are slightly more attuned to the shadows. [demonic ancestry]
   626 | D:1      | Reached XP level 3. HP: 22/28 MP: 3/3
  1243 | D:2      | Reached skill level 4 in Axes
  1243 | D:2      | Reached XP level 4. HP: 6/35 MP: 4/4
  2164 | D:3      | Found a glowing drain.
  2172 | D:3      | Gained mutation: You have a pair of small horns on your head. [demonic ancestry]
  2172 | D:3      | Reached XP level 5. HP: 31/41 MP: 5/5
  2210 | Sewer    | Entered a sewer
  3214 | D:4      | Reached skill level 5 in Axes
  3282 | D:5      | Entered Level 5 of the Dungeon
  3282 | D:5      | Noticed Sigmund
  3378 | D:4      | Reached XP level 6. HP: 48/48 MP: 6/6
  3774 | D:4      | Reached skill level 6 in Axes
  3779 | D:4      | Reached XP level 7. HP: 33/55 MP: 4/7
  4626 | D:5      | Found a staircase to the Ecumenical Temple.
  4639 | Temple   | Entered the Ecumenical Temple
  4782 | Temple   | Became a worshipper of Makhleb the Destroyer
  4822 | D:5      | Reached skill level 5 in Fighting
  5035 | D:3      | Reached skill level 7 in Axes
  5383 | D:5      | Killed Sigmund
  5383 | D:5      | Gained mutation: You have a pair of horns on your head. [demonic ancestry]
  5383 | D:5      | Reached XP level 8. HP: 52/63 MP: 6/8
  5473 | D:5      | Reached skill level 8 in Axes
  5761 | D:5      | Noticed Blork the orc
  5772 | D:5      | Killed Blork the orc
  5937 | D:6      | Reached * piety under Makhleb
  6281 | D:6      | Found Ciadghair's Jewellery Shop.
  6287 | D:6      | Bought an uncursed ring of poison resistance for 200 gold pieces
  6334 | D:6      | Reached skill level 9 in Axes
  7209 | D:7      | Found a runed door.
  7317 | D:7      | Noticed TheGoonsmith's ghost (novice MfGl)
  7355 | D:7      | Noticed a brown ugly thing
  7702 | D:7      | Reached XP level 9. HP: 71/71 MP: 9/9
  7860 | D:8      | Noticed Maurice
  8144 | D:8      | Found a hazy altar of Hepliaklqana.
  8195 | D:8      | Reached ** piety under Makhleb
  8210 | D:8      | Killed Maurice
  8210 | D:8      | Reached skill level 10 in Axes
  8273 | D:8      | Noticed Psyche
  8280 | D:8      | Killed Psyche
  8654 | D:9      | Reached skill level 11 in Axes
  8849 | D:9      | Gained mutation: You are partially covered in rugged brown scales. (AC +1, +3% HP) [demonic ancestry]
  8849 | D:9      | Reached XP level 10. HP: 37/83 MP: 2/10
  9272 | D:9      | Reached *** piety under Makhleb
  9716 | D:10     | Entered Level 10 of the Dungeon
  9815 | D:10     | Found a staircase to the Orcish Mines.
  9875 | D:10     | Reached **** piety under Makhleb
  9904 | D:10     | Noticed a hill giant
  9914 | D:10     | Reached skill level 1 in Armour
  9916 | D:10     | Killed a hill giant
  9916 | D:10     | Reached skill level 12 in Axes
  9989 | D:10     | Slain by an orc warrior

Skill      XL: |  1  2  3  4  5  6  7  8  9 10 |
---------------+-------------------------------+-----
Axes           | 3 4 5 6 7 9 11 12 | 12.3
Fighting       | 3 4 5 6 8 9 |  9.0
Armour         | 2 |  2.6
Throwing       | |  1.7
Dodging        | |  2.6

Action                   |  1- 3 |  4- 6 |  7- 9 | 10-12 || total
-------------------------+-------+-------+-------+-------++-------
Melee: War axe           |   122 |   203 |   282 |       ||   607
       Headbutt          |       |    22 |    81 |    26 ||   129
       Battleaxe         |       |       |   118 |   197 ||   315
  Use: Potion            |     1 |       |     7 |     2 ||    10
       Scroll            |       |     8 |    13 |     2 ||    23
 Stab: Sleeping          |     1 |       |       |       ||     1
  Eat: Chunk             |     1 |     5 |    15 |     5 ||    26
       Bread ration      |       |     1 |       |       ||     1
Armor: Leather armour    |    32 |       |       |       ||    32
       Chain mail        |    10 |   153 |   236 |   145 ||   544
Dodge: Dodged            |    98 |   109 |   190 |   212 ||   609
